 Dungeon Crawl Stone Soup version 0.19-a0-1686-g35356ef (webtiles) character file.

282 Murumi the Shield-Bearer (level 6, -3/73 HPs)
             Began as a Formicid Fighter on Sept 25, 2016.
             Slain by a killer bee (4 damage)
             ... on level 3 of the Dungeon.
             The game lasted 00:12:12 (2475 turns).

Murumi the Shield-Bearer (Formicid Fighter)         Turns: 2475, Time: 00:12:13

Health: -3/73      AC: 24    Str: 23 (26) XL:     6   Next: 54%
Magic:  6/6        EV:  2    Int:  6 (9)  God:
Gold:   159        SH: 10    Dex: 11 (13) Spells: 0 memorised, 5 levels left

rFire  + . .     SeeInvis .     a - +1 long sword
rCold  + . .     Gourm    .     (armour currently unavailable)
rNeg   + + +     Faith    .     c - +0 shield
rPois  +         Spirit   .     (helmet unavailable)
rElec  +         Dismiss  .     (cloak currently unavailable)
rCorr  +         Reflect  .     (gloves currently unavailable)
MR     .....     Harm     .     (boots currently unavailable)
Stlth  +.........               (no amulet)
                                m - +3 ring of dexterity
                                k - ring of positive energy

@: mighty, tree-form, resistant
A: permanent stasis, dig shafts and tunnels, four strong arms, (antennae 0)
a: no special abilities


You were on level 3 of the Dungeon.
You were not hungry.
You were a tree.
You visited 1 branch of the dungeon, and saw 3 of its levels.

You collected 159 gold pieces.

Inventory:

Hand Weapons
 a - a +1 long sword (weapon)
Missiles
 p - 10 bolts
Armour
 b - a +0 scale mail (melded)
 c - a +0 shield (worn)
Jewellery
 k - a ring of positive energy (left branch)
 m - a +3 ring of dexterity (right branch)
Potions
 d - 2 potions of might
 e - a potion of brilliance
 h - a potion of cancellation
Comestibles
 f - 5 bread rations
 q - 8 chunks of flesh
 r - a meat ration
 s - a beef jerky


   Skills:
 - Level 4.3 Fighting
 - Level 3.0 Long Blades
 - Level 4.2 Armour
 + Level 2.5 Dodging
 - Level 5.1 Shields


You had 5 spell levels left.
You didn't know any spells.

Dungeon Overview and Level Annotations

Branches:
Dungeon (3/15)

Altars:
Fedhas

Annotations:
D:3 Natasha


Innate Abilities, Weirdness & Mutations

You are under a permanent stasis effect.
You can dig through walls and to a lower floor.
Your four strong arms can wield two-handed weapons with a shield.
((You have a pair of large antennae on your head. (SInv)))


Message History

The killer bee barely misses you.
It was a potion of magic.
Magic courses through your body.
* * * LOW HITPOINT WARNING * * *
You feel sick. The killer bee stings you.
* * * LOW HITPOINT WARNING * * *
You block the killer bee's attack.
It was a potion of curing.
You feel better. The killer bee closely misses you. The killer bee stings you.
* * * LOW HITPOINT WARNING * * *
It was a potion of flight.
You feel very buoyant.
You fly up into the air.
The killer bee stings you but does no damage.
Natasha casts a spell.
The killer bee stings you!
* * * LOW HITPOINT WARNING * * *
It was a potion of lignification.
You turn into a tree.
Your +0 scale mail melds into your body.
Your roots penetrate the ground.
The killer bee stings you.
You die...

#.# #.##.#.....#.##.# #.#
#....#......_..'#####
#.####......yy<#.#......###
..............y.).......'>#
#.###.......#####.......###
#.# #.##....# #5......#
#)###.##.#..# #y5.....#
#.....##...)# ##yyh5...#
####..####..# #♣###÷####
#..# ###'###### #.# ...#
#.....######'## .######
#.....#.......# .#
#.....#.......#
...######.....#.......#
#.#..........#.......#
#.......)..(.......#
#........#.........#


You could see 3 killer bees, Natasha, 2 crimson imps and a white imp.

Vanquished Creatures
  A killer bee (D:3)
  An orc priest (D:3)
  Jessica (D:3)
  Natasha (twice) (D:3)
  A gnoll (D:3)
  4 adders
  An ooze (D:1)
  A worm (D:3)
  3 leopard geckos
  7 orcs (D:3)
  A giant cockroach (D:2)
  10 hobgoblins
  A jackal (D:3)
  2 quokkas (D:2)
  4 ball pythons
  10 bats
  6 frilled lizards
  9 goblins
  7 kobolds
  8 rats
80 creatures vanquished.

Notes
Turn   | Place    | Note
-------+----------+-------------------------------------------
     0 | D:1      | Murumi the Formicid Fighter began the quest for the Orb.
     0 | D:1      | Reached XP level 1. HP: 18/18 MP: 1/1
    98 | D:1      | Reached skill level 4 in Shields
   172 | D:1      | Reached skill level 1 in Dodging
   172 | D:1      | Reached XP level 2. HP: 23/24 MP: 2/2
   805 | D:2      | Reached XP level 3. HP: 29/29 MP: 3/3
  1196 | D:2      | Reached XP level 4. HP: 35/35 MP: 4/4
  1462 | D:3      | Found a blossoming altar of Fedhas.
  1601 | D:3      | Reached XP level 5. HP: 18/43 MP: 5/5
  1825 | D:3      | Noticed Natasha
  1832 | D:3      | Killed Natasha
  2199 | D:3      | Noticed Jessica
  2208 | D:3      | Killed Jessica
  2208 | D:3      | Reached skill level 5 in Shields
  2306 | D:3      | Reached XP level 6. HP: 46/49 MP: 6/6
  2430 | D:3      | Noticed Natasha
  2440 | D:3      | Killed Natasha
  2465 | D:3      | Noticed Natasha
  2472 | D:3      | HP: 1/49 [killer bee (4)]
  2475 | D:3      | Slain by a killer bee

Vault maps used:
D:1:      saegor_arrival_miasma, minmay_domino_2
D:2:      first_bread
D:3:      minmay_diamond_boxcup, lemuel_crystal_altar, minmay_misc_feat_five,
          uniq_natasha, uniq_jessica

Skill      XL: |  1  2  3  4  5  6 |
---------------+-------------------+-----
Shields        | 4 5 |  5.1
Dodging        | 1 2 |  2.5
Long Blades    | 3 |  3.0
Fighting       | 4 |  4.3
Armour         | 4 |  4.2

Action                   |  1- 3 |  4- 6 || total
-------------------------+-------+-------++-------
Melee: Long sword        |   107 |   182 ||   289
 Abil: Dig               |       |     3 ||     3
  Use: Scroll            |     7 |     1 ||     8
       Potion            |       |     7 ||     7
  Eat: Chunk             |     1 |     5 ||     6
Armor: Scale mail        |    32 |    66 ||    98
Dodge: Dodged            |    39 |    50 ||    89
Block: Shield            |    45 |    77 ||   122
